 Dungeon Crawl Stone Soup version 0.31-a0-986-g5e6e4ef867 (webtiles) character file.

Game seed: 8506966855049782313

282 LeprechaunX the Changeling (level 6, -2/41 HPs)
             Began as an Octopode Shapeshifter on Nov 23, 2023.
             Slain by an orc wizard
             ... wielding a +0 dagger
              (3 damage)
             ... on level 3 of the Dungeon.
             The game lasted 00:02:14 (2715 turns).

LeprechaunX the Changeling (Octopode Shapeshifter)  Turns: 2715, Time: 00:02:14

Health: -2/41      AC:  1    Str: 13    XL:     6   Next: 28%
Magic:  6/6        EV: 13    Int: 13    God:
Gold:   52         SH:  0    Dex: 13    Spells: 5/5 levels left

rFire   . .          .
                       - Unarmed
rCold   . . .        (no shield)
rNeg    . . .        (helmet currently unavailable)
rPois   .            (no amulet)
rElec   .            (no ring)
rCorr   .            (no ring)
SInv    .            (no ring)
Will    .....        (no ring)
Stlth   ++           (no ring)
HPRegen 0.26/turn    (no ring)
MPRegen 0.10/turn    (no ring)
                     (no ring)

%: no passive effects
@: beast-form
A: beast (slay +2), almost no armour, amphibious, 8 rings, camouflage 1,
gelatinous body 1, (nimble swimmer 1), tentacles
a: Begin Untransformation


You were on level 3 of the Dungeon.
You were a hulking beast.
You visited 1 branch of the dungeon, and saw 3 of its levels.

You collected 52 gold pieces.

Inventory:

Hand Weapons
 a - a +0 shortbow
Missiles
 h - 10 boomerangs
Jewellery
 f - a ring of ice
 k - an amulet of magic regeneration
 l - a ring of willpower
Talismans
 b - a beast talisman
 c - a flux talisman
Scrolls
 e - a scroll of identify {unknown}
 g - a scroll of fog {unknown}
 n - 2 scrolls of poison {unknown}
 o - a scroll of enchant armour {unknown}
Potions
 d - a potion of might {unknown}
 i - a potion of lignification
 j - a potion of ambrosia {unknown}
 m - a potion of degeneration {unknown}


   Skills:
 + Level 2.7 Fighting
 + Level 2.2 Throwing
 - Level 2.0 Dodging
 + Level 4.0 Unarmed Combat
 * Level 4.7 Shapeshifting


You had 5 spell levels left.
You didn't know any spells.
Your spell library was empty.

Dungeon Overview and Level Annotations

Branches:
Dungeon (3/15)

Altars:


Innate Abilities, Weirdness & Mutations

You are a hulking beast.
Your limbs bulge with bestial killing power. (Slay +2)
You cannot wear most types of armour.
You are amphibious.
You can wear up to eight rings at the same time.
Your skin changes colour to match your surroundings (Stealth+).
Your rubbery body absorbs attacks. (AC +1, EV +1)
((You are camouflaged when in or above water. (Stealth+)))
You have tentacles for arms and can constrict up to eight enemies at once.


Message History

The orc wizard shouts!
The orc shouts!
The orc closely misses you. The rat attacks as it pursues you!
The rat bites you. The orc attacks as it pursues you!
The orc closely misses you.
The orc wizard mumbles some strange words.
The orc wizard flickers and vanishes!
Deactivating autopickup; reactivate with Ctrl-A.
The rat closely misses you.
You see here a black bear corpse.
The rat attacks as it pursues you! The rat closely misses you.
The rat attacks as it pursues you! The rat barely misses you.
The rat attacks as it pursues you! The rat bites you.
The rat attacks as it pursues you! The rat closely misses you.
The rat attacks as it pursues you! The rat bites you.
The rat barely misses you.
You open the door. The rat barely misses you.
There is an open door here.
The rat attacks as it pursues you! The rat bites you but does no damage.
You tentacle-slap the rat.
You kill the rat!
You swing at nothing.
You tentacle-slap the orc.
You kill the orc!
You swing at nothing.
You tentacle-slap something. Something hits you.
You closely miss something. Your squeeze misses something. Something hits you.
You miss something.
Your tentacle-slap misses something.
Something hits you.
You miss something. Your squeeze misses something.
You hear some strange, mumbled words.
A puff of flame appears from out of thin air!
The puff of flame hits you!
* * * LOW HITPOINT WARNING * * *
You miss something. You closely miss something. Your squeeze misses something.
You hear some strange, mumbled words.
A puff of flame appears from out of thin air!
The puff of flame hits you!
* * * LOW HITPOINT WARNING * * *
You barely miss something. Something hits you.
You die...

#.####..#### #.# #.#
#..# #.# #.####..# ###>#
## #.......## #...# .#
######...## #.### .#
##.....## #)# .##
##.......## ##.##
..####.........####...##
.....+........o{h....).#
..####.........####..)##
.## ##.......## ##.## .#
##.....## #.# .###
##...## #.#### ...#
##'## #....# ##.# #.#
#....# #.# #.# ##...#
##.#######.##### ##.##


You could see an orc.

Vanquished Creatures
  A black bear (D:3)
  An orc priest (D:3)
  Natasha (thrice) (D:2)
  2 adders (D:2)
  A worm (D:1)
  A dart slug (D:1)
  12 orcs (D:3)
  2 ball pythons
  An endoplasm (D:1)
  4 giant cockroaches
  5 goblins
  3 hobgoblins (D:1)
  3 quokkas
  5 bats
  4 frilled lizards
  A kobold (D:1)
  6 rats
55 creatures vanquished.

Notes
Turn   | Place    | Note
-------+----------+-------------------------------------------
     0 | D:1      | LeprechaunX the Octopode Shapeshifter began the quest for
                  | the Orb.
     0 | D:1      | Reached XP level 1. HP: 13/13 MP: 1/1
    93 | D:1      | Reached XP level 2. HP: 14/18 MP: 2/2
   513 | D:1      | Reached XP level 3. HP: 23/23 MP: 3/3
  1484 | D:2      | Reached skill level 1 in Throwing
  1820 | D:2      | Noticed Natasha
  1828 | D:2      | Killed Natasha
  1829 | D:2      | Reached XP level 4. HP: 13/29 MP: 4/4
  2006 | D:2      | Noticed Natasha
  2013 | D:2      | Killed Natasha
  2193 | D:2      | Noticed Natasha
  2200 | D:2      | Killed Natasha
  2201 | D:2      | Reached XP level 5. HP: 12/34 MP: 5/5
  2662 | D:3      | Noticed a black bear
  2670 | D:3      | Killed a black bear
  2671 | D:3      | Reached XP level 6. HP: 18/41 MP: 6/6
  2714 | D:3      | HP: 1/41 [something/puff of flame (8)]
  2715 | D:3      | Slain by an orc wizard

Illustrated notes

Levels and vault maps discovered:
D:1:      co_arrival_square_in_a_square_in_a_square, layout_basic, minivault_19,
          chequers_decorated_corner, amcnicky_mini_corridor_feature,
          nicolae_wormholes
D:2:      layout_loops_corners, uniq_natasha
D:3:      layout_loops_corners, kennysheep_jessica_study

Skill      XL: |  1  2  3  4  5 |
---------------+----------------+-----
Throwing       | 1 2 |  2.2
Fighting       | 2 |  2.7
Shapeshifting  | 4 |  4.7
Unarmed Combat | 4 |  4.0
Dodging        | |  2.0

Action                     |  1- 3 |  4- 6 || total
---------------------------+-------+-------++-------
  Melee: Unarmed           |    57 |    43 ||   100
         Tentacles         |    13 |     8 ||    21
         Constrict         |    17 |     9 ||    26
         Punch             |       |     1 ||     1
   Fire: Shortbow          |       |    24 ||    24
   Stab: Sleeping          |     7 |     1 ||     8
 Armour: Skin              |    20 |    39 ||    59
  Dodge: Dodged            |    25 |    31 ||    56

Table legend: (Time is in decaauts)
 A = Elapsed time spent in this place.
 B = Non-inter-level travel time spent in this place.
 C = Inter-level travel time spent in this place.
 D = Time resting spent in this place.
 E = Time spent auto-exploring this place.
 F = Levels seen in this place.
 G = Mean time per level.
                   A        B        C        D        E       F      G
               +--------+--------+--------+--------+--------+-----+--------+
         Total |   2712 |   2469 |    243 |    217 |   1913 |   3 |  904.0 |
       Dungeon |   2712 |   2469 |    243 |    217 |   1913 |   3 |  904.0 |
               +--------+--------+--------+--------+--------+-----+--------+

Top non-repeatable levels by time:
     D:2: 1267 daAuts
     D:1: 1045 daAuts
     D:3: 399 daAuts
